 Dungeon Crawl Stone Soup version 0.17-a0-1078-g243345b (webtiles) character file.

49 tesudzi the Cudgeler (level 3, 0/39 HPs)
             Began as an Ogre Berserker on May 19, 2015.
             Was a Believer of Trog.
             Killed from afar by Robin (10 damage)
             ... with a wand of flame
             ... on level 2 of the Dungeon.
             The game lasted 00:02:57 (1054 turns).

tesudzi the Cudgeler (Ogre Berserker)               Turns: 1054, Time: 00:02:58

Health: 0/39       AC:  3    Str: 22    XL:     3   Next: 77%
Magic:  3/3        EV: 10    Int:  6    God:    Trog [**....]
Gold:   77         SH:  0    Dex: 10    Spells: 0 memorised, 2 levels left

rFire  . . .     SeeInvis .     a - +0 mace
rCold  . . .     Clarity  .     b - +0 animal skin
rNeg   . . .     SustAb   .     (no shield)
rPois  .         Gourm    .     (helmet restricted)
rElec  .         Spirit   .     (no cloak)
rCorr  .         Warding  .     (gloves unavailable)
rMut   .         Stasis   .     (boots unavailable)
MR     .....                    (no amulet)
Stlth  +.........               (no ring)
                                (no ring)

@: not resistant to hostile enchantments, very unstealthy
A: unfitting armour, tough skin 1
a: Burn Spellbooks, Berserk, Trog's Hand, Renounce Religion


You were on level 2 of the Dungeon.
You worshipped Trog.
Trog was pleased with you.
You were hungry.

You visited 1 branch of the dungeon, and saw 2 of its levels.

You collected 77 gold pieces.

Inventory:

Hand weapons
 a - a +0 mace (weapon)
Armour
 b - a +0 animal skin (worn)
Scrolls
 d - 4 scrolls of remove curse {unknown}
 f - 2 scrolls of teleportation {unknown}
 g - a scroll of enchant weapon {unknown}
 h - 2 scrolls of identify {unknown}
Potions
 e - a potion of haste {unknown}
 k - a potion of might {unknown}
 l - 2 potions of curing {unknown}
 p - a potion of ambrosia {unknown}
Miscellaneous
 j - a plain deck of defence {drawn: 1}
Comestibles
 c - 2 bread rations
 i - a slice of pizza
 m - a beef jerky
 n - 2 meat rations
 o - 3 chunks of flesh


   Skills:
 - Level 4.0 Fighting
 + Level 6.1 Maces & Flails
 - Level 2.6 Dodging


You had 2 spell levels left.
You didn't know any spells.

Dungeon Overview and Level Annotations

Branches:
Dungeon (2/15)

Altars:
Nemelex Xobeh

Annotations:
D:2 Robin


Innate Abilities, Weirdness & Mutations

You are too large for most types of armour.
You have tough skin (AC +1).


Message History

You hit the goblin.
You kill the goblin!
Trog accepts your kill. The goblin hits you but does no damage.
Robin roars a battlecry!
The goblin goes into a battle-frenzy!
Robin zaps a wand.
The puff of flame hits you!
* * * LOW HITPOINT WARNING * * *
It is a wand of flame.
The goblin completely misses you.
You hit the goblin but do no damage. The goblin barely misses you.
You hit the goblin.
The goblin is severely wounded.
Robin barely misses you. The goblin hits you but does no damage.
You hit the goblin.
You kill the goblin!
Trog accepts your kill. Robin throws the goblin at you!
You closely miss the goblin. The goblin hits you but does no damage.
Robin zaps a wand.
The puff of flame hits you!
You die... .#.## g..#########♣.♣######### .### .gg.. #.#≈.≈# .###### g.g

#.#≈.≈# #.....#
#g# #.#≈.≈#
##.##.# #.#
#.#≈.≈# ##.#.#
#w# #.#≈.≈#
##†.#.# ##.##
#.#≈.≈# #.....#
##..g#####.#...#
.##.###
#...ggg@g..#'''#
# #.####
##..g#####.....#
#....# ##.##
#######
####.#####.#
#.......#
#########


You could see Robin, 2 hobgoblins and 3 goblins.

Vanquished Creatures
  An ooze (D:1)
  3 worms (D:2)
  A giant gecko (D:1)
  4 ball pythons (D:2)
  3 bats
  2 giant cockroaches (D:1)
  5 goblins (D:2)
  4 hobgoblins
  3 jackals (D:1)
  5 giant newts
  2 kobolds (D:1)
  5 rats
38 creatures vanquished.

Notes
Turn   | Place    | Note
--------------------------------------------------------------
     0 | D:1      | tesudzi the Ogre Berserker began the quest for the Orb.
     0 | D:1      | Reached XP level 1. HP: 24/24 MP: 1/1
   108 | D:1      | Reached XP level 2. HP: 17/32 MP: 2/2
   200 | D:1      | Reached skill level 5 in Maces & Flails
   208 | D:1      | Found a sparkling altar of Nemelex Xobeh.
   464 | D:1      | Acquired Trog's second power
   588 | D:2      | Reached XP level 3. HP: 34/39 MP: 3/3
  1031 | D:2      | Noticed Robin
  1046 | D:2      | Reached skill level 6 in Maces & Flails
  1054 | D:2      | Killed from afar by Robin

Vault maps used:
D:1:      minmay_arrival_cross, nrook_loot_triangle, nemelex_deck
D:2:      kennysheep_cross_bottleneck, uniq_robin, uniq_sigmund, uniq_natasha

Action                   || total
-------------------------++-------
Melee: Mace              ||   104
Evoke: Deck              ||     1
 Stab: Sleeping          ||     1
